 Dungeon Crawl Stone Soup version 0.30.0 (webtiles) character file.

Game seed: 11488214993834079051

10 mdonais the Sneak (level 2, -5/21 HPs)
             Began as an Octopode Delver on May 6, 2023.
             Slain by a sleepcap (6 damage)
             ... on level 5 of the Dungeon.
             The game lasted 00:03:08 (280 turns).

mdonais the Sneak (Octopode Delver)                  Turns: 280, Time: 00:03:08

Health: -5/21      AC:  1    Str: 11    XL:     2   Next: 20%
Magic:  2/2        EV:  2    Int: 12    God:
Gold:   16         SH:  0    Dex: 13    Spells: 1/1 levels left

rFire   . . .        b - +3 falchion
rCold   . . .        (no shield)
rNeg    . . .        (helmet restricted)
rPois   .            (no amulet)
rElec   .            (no ring)
rCorr   .            (no ring)
SInv    .            (no ring)
Will    .....        (no ring)
Stlth   ++++         (no ring)
HPRegen 0.23/turn    (no ring)
MPRegen 0.08/turn    (no ring)
                     (no ring)

%: no passive effects
@: sleeping, hasted
A: almost no armour, amphibious, 8 rings, camouflage 1, gelatinous body 1,
(nimble swimmer 1), tentacles
a: no special abilities


You were on level 5 of the Dungeon.
You visited 1 branch of the dungeon, and saw 1 of its levels.

You collected 16 gold pieces.

Inventory:

Hand Weapons
 a - a +0 short sword
 b - a +3 falchion (weapon)
   (You found it on level 5 of the Dungeon)
 f - a +0 dagger
   (You took it off an orc on level 5 of the Dungeon)
Wands
 D - a wand of digging (3)
Scrolls
 c - a scroll of fog
 d - a scroll of fear
 M - a scroll of magic mapping
Potions
 e - a potion of degeneration {unknown}


   Skills:
 + Level 3.3 Fighting
 - Level 2.0(2.1) Short Blades
 + Level 1.1(1.7) Long Blades
 - Level 2.0 Dodging
 - Level 6.6 Stealth


You had one spell level left.
You didn't know any spells.
Your spell library was empty.

Dungeon Overview and Level Annotations

Branches:
Dungeon (5/15) Zot: 5720
 Temple: D:4-7

Altars:

Annotations:
D:5 exclusions: hound, howler monkey and sleepcap


Innate Abilities, Weirdness & Mutations

You cannot wear most types of armour.
You are amphibious.
You can wear up to eight rings at the same time.
Your skin changes colour to match your surroundings (Stealth+).
Your rubbery body absorbs attacks. (AC +1, EV +1)
((You are camouflaged when in or above water. (Stealth+)))
You have tentacles for arms and can constrict up to eight enemies at once.


Message History

Welcome, mdonais the Octopode Delver.
The Orb of Zot is coveted for many reasons.
Will you seize it for your own?
Press ? for a list of commands and other information.
Found a stone staircase leading down.
Found a glowing falchion.
An orc comes into view. It is wielding a +0 flail.
You see here a +3 falchion.
c - a +3 falchion
Found a stone staircase leading down.
Okay, then.
Adjust (i)tems, (s)pells, or (a)bilities?
c - a +3 falchion Adjust to which letter? (? for menu, Esc to quit)
b - a +3 falchion;
c - a scroll of fog You have 6 tentacles available for constriction.
Your movement speed is average.
Your attack delay is about 0.9.
Your damage rating with your +0 short sword is about 5 (Base 5 x 107% (Dex) x 109% (Skill)).
b - a +3 falchion (weapon)
An orc comes into view. It is wielding a +0 flail.
The orc moves out of view.
An orc comes into view. It is wielding a +0 dagger.
The orc shouts!
You hear a shout!
The orc shouts!
Found 2 stones.
You completely miss the orc. Your grab misses the orc.
Your squeeze misses the orc. The orc barely misses you.
You hit the orc. Your grab misses the orc.
The orc is severely wounded.
The orc barely misses you. x2
You closely miss the orc. Your grab misses the orc.
Your squeeze misses the orc.
The orc is severely wounded.
The orc closely misses you. The orc barely misses you.
You hit the orc.
You kill the orc!
The orc hits you with a +0 dagger.
You take 1 damage, and have 15/16 hp.
You hit the orc. You grab the orc. You squeeze the orc, but do no damage.
The orc is almost dead.
You constrict the orc, but do no damage.
The orc hits you with a +0 dagger.
You hit the orc.
You kill the orc!
Things that are here:
a +0 flail; a +0 ring mail; an orc corpse
Things that are here:
a +0 dagger; a +0 chain mail; an orc corpse Health restored: 16
Found a dented platinum amulet and a scroll labelled GIUCSA USTYBIGG.
A hound comes into view.
Found a robe.
An orc comes into view. It is wielding a +0 hand axe.
The orc hits you with a +0 flail.
You take 5 damage, and have 11/16 hp.
MASSIVE DAMAGE!!
You hit the orc. Your grab misses the orc. You squeeze the orc.
You kill the orc!
You start resting.
HP restored.
Health restored: 16 You see here a +0 flail.
Found a brown potion.
The orc shouts!
You hit the orc. Your grab misses the orc.
The orc is severely wounded.
The orc closely misses you.
You hit the orc.
You kill the orc!
Your Long Blades skill increases to level 1!
You have reached level 2!
Health restored: 21; MP restored: 2
Things that are here:
a +0 hand axe; a +0 leather armour; an orc corpse
Found 16 gold pieces.
e - a brown potion You now have 16 gold pieces.
An orc comes into view. It is wielding a +0 hand axe.
Found an escape hatch in the floor.
The helpless orc fails to defend itself.
You slash the orc!
You kill the orc!
Things that are here:
a +0 hand axe; an orc corpse A sleepcap comes into view.
Press: ? - help, . - travel You can't see that place. [the floor.] Placed new exclusion.
Unknown command.
Unknown command.
You see here a +0 flail.
You see here a +0 flail.
There is an escape hatch in the floor here.
Partly explored, can't reach some items and places.
Partly explored, can't reach some items and places.
You see here a +0 flail.
Press: ? - help, . - travel You can't see that place. [the floor.] Really wriggle into a travel-excluded area?
A howler monkey comes into view.
Press: ? - help, . - travel You can't see that place. [the floor.] Placed new exclusion.
Unknown command.
a - a +0 short sword (weapon)
You see here a +0 flail.
Things that are here:
a +0 dagger; a +0 chain mail; an orc skeleton
f - a +0 dagger
f - a +0 dagger (weapon)
Things that are here:
a +0 flail; a +0 ring mail; an orc skeleton You see here a +0 flail.
Really wriggle into a travel-excluded area?
You feel yourself speed up.
b - a +3 falchion (weapon)
The sleepcap releases spores at you!
You are engulfed in a cloud of soporific spores!
You fall asleep.
The sleepcap releases spores at you.
You wake up.
You take 8 damage, and have 13/21 hp.
MASSIVE DAMAGE!!
You hit the sleepcap but do no damage. You grab the sleepcap.
You constrict the sleepcap, but do no damage.
The sleepcap misses you.
You slash the sleepcap!
The sleepcap is moderately damaged.
You constrict the sleepcap. You hit the sleepcap. You squeeze the sleepcap.
The sleepcap is heavily damaged.
You constrict the sleepcap. The sleepcap misses you.
You hit the sleepcap. You squeeze the sleepcap.
The sleepcap is severely damaged.
You constrict the sleepcap. The sleepcap closely misses you.
You hit the sleepcap.
The sleepcap is severely damaged.
You constrict the sleepcap. The sleepcap releases spores at you.
You take 4 damage, and have 9/21 hp.
You hit the sleepcap but do no damage.
The sleepcap is almost destroyed.
You constrict the sleepcap. The sleepcap releases spores at you!
* * * LOW HITPOINT WARNING * * *
You are engulfed in a cloud of soporific spores!
You fall asleep.
You lose your grip on the sleepcap.
The sleepcap releases spores at you.
You die...

...# #..........#)[#.........".
...##
##.......................h
....# ###......#..###..........
....# #########.#######(...##
...## #..# ##### ..## ##)## .##
#########...# ##
.########............## #...
................@.....####.....
.......).......f######.#....h..
#............... ##........
###............. ##.......
###..>........ .......
##.......... #......
#.......... #..... #..........
##... ##......... #..


You could see a sleepcap.

Vanquished Creatures
  5 orcs (D:5)
5 creatures vanquished.

Notes
Turn   | Place    | Note
-------+----------+-------------------------------------------
     0 | D:5      | mdonais the Octopode Delver began the quest for the Orb.
     0 | D:5      | Reached XP level 1. HP: 16/16 MP: 1/1
    39 | D:5      | Noticed a hound
   101 | D:5      | Reached skill level 1 in Long Blades
   101 | D:5      | Reached XP level 2. HP: 21/21 MP: 2/2
   243 | D:5      | Noticed a howler monkey
   279 | D:5      | HP: 1/21 [sleepcap (8)]
   280 | D:5      | Slain by a sleepcap

Illustrated notes

Levels and vault maps discovered:
D:5:      layout_cave_pods

Skill      XL: |  1 |
---------------+----+-----
Long Blades    | 1 |  1.1
Fighting       | |  3.3
Short Blades   | |  2.0
Dodging        | |  2.0
Stealth        | |  6.6

Action                     || total
---------------------------++-------
  Melee: Falchion          ||    16
         Tentacles         ||     4
         Constrict         ||     2
    Use: Potion            ||     1
   Stab: Sleeping          ||     1
  Dodge: Dodged            ||     9
